Map: Prion Terraces

Players

Epic - Winner!

  • Race: Terran Terran
  • League: Grandmaster

MCanning

  • Race: Protoss Protoss
  • League: Grandmaster

VOD

Have the link to the VOD?

Description

Time

  • Played on: Dec. 4, 2015, 1:15 a.m.
  • Length: 5:42
Show
View Real Time Build Order
Export as new Build Order

Epic Terran - Winner!

Build Orders: Liberator Opening, Reaper Expand 

Get SALT Encoding   

  12  0:12  SCV  
  13  0:20  Supply Depot  
  13  0:24  SCV  
  14  0:36  SCV  
  15  0:43  Barracks  
  15  0:44  Refinery  
  15  0:49  SCV  
  16  1:01  SCV  
  17  1:13  SCV  
  19  1:30  Orbital Command  
  19  1:31  Reaper  
  19  1:41  Command Center  
  19  1:50  Supply Depot  
  19  1:56  SCV  
  20  2:03  Marine  
  21  2:08  Factory  
  21  2:10  SCV  
  22  2:16  Refinery  
  22  2:22  Barracks Reactor  
  22  2:23  SCV  
  23  2:35  SCV  
  24  2:47  SCV  
  25  2:53  Orbital Command  
  25  2:57  Bunker, Starport  
  25  2:59  SCV, Widow Mine  
  25  3:00  Marine  
  25  3:02  Marine  
  30  3:11  SCV  
  31  3:18  Marine  
  31  3:19  Marine  
  32  3:20  SCV  
  32  3:23  SCV  
  35  3:27  Widow Mine  
  35  3:33  SCV  
  35  3:34  Supply Depot  
  38  3:35  SCV, Medivac  
  38  3:39  Marine x2  
  43  3:45  SCV  
  43  3:47  SCV  
  43  3:48  Liberator  
  45  3:59  Factory Tech Lab  
  45  4:00  SCV x2  
  45  4:01  Marine x2  
  52  4:12  SCV  
  53  4:17  Supply Depot, Engineering Bay  
  53  4:18  SCV  
  53  4:19  Supply Depot  
  54  4:29  Barracks Tech Lab, Barracks  
  54  4:34  Barracks  
  54  4:39  SCV x2, Cyclone  
  59  4:51  SCV x2  
  58  5:03  SCV x2  
  58  5:12  Marauder  
  60  5:15  SCV  
  60  5:20  SCV  
  61  5:22  Barracks Tech Lab, Marine x2  
  61  5:24  Starport Reactor  
  61  5:28  Refinery x2, Barracks  
  59  5:29  Command Center, Barracks  
  63  5:38  Supply Depot  
Show
View Real Time Build Order
Export as new Build Order

MCanning Protoss 

Build Orders: 1 Gate Expand 

Get SALT Encoding   

  12  0:01  Probe (Chrono Boost)  
  13  0:12  Probe (Chrono Boost)  
  14  0:18  Pylon  
  14  0:22  Probe (Chrono Boost)  
  15  0:36  Probe (Chrono Boost)  
  15  0:39  Gateway  
  16  0:47  Probe (Chrono Boost)  
  16  0:48  Assimilator  
  17  0:58  Probe (Chrono Boost)  
  18  1:08  Probe (Chrono Boost)  
  19  1:22  Nexus  
  19  1:27  Probe (Chrono Boost)  
  20  1:38  Probe (Chrono Boost)  
  21  1:42  Cybernetics Core  
  21  1:48  Probe (Chrono Boost)  
  22  1:54  Assimilator  
  22  1:59  Probe (Chrono Boost)  
  22  2:00  Pylon  
  23  2:18  Probe (Chrono Boost)  
  23  2:20  Adept (Chrono Boost)  
  26  2:29  Mothership Core (Chrono Boost), Warp Gate  
  27  2:49  Probe x2 (Chrono Boost)  
  29  2:59  Probe (Chrono Boost)  
  29  3:00  Probe (Chrono Boost)  
  29  3:01  Stalker  
  33  3:10  Probe x2 (Chrono Boost)  
  35  3:15  Twilight Council  
  35  3:20  Probe (Chrono Boost)  
  35  3:21  Probe (Chrono Boost)  
  37  3:31  Probe (Chrono Boost)  
  37  3:32  Probe (Chrono Boost)  
  39  3:41  Probe (Chrono Boost)  
  39  3:42  Probe (Chrono Boost)  
  39  3:48  Robotics Facility  
  41  3:50  Gateway  
  41  3:52  Probe (Chrono Boost)  
  41  3:53  Probe (Chrono Boost)  
  43  4:02  Probe (Chrono Boost)  
  43  4:03  Probe (Chrono Boost)  
  44  4:13  Probe (Chrono Boost)  
  44  4:14  Probe (Chrono Boost)  
  46  4:22  Pylon  
  46  4:26  Pylon  
  46  4:37  Pylon  
  46  4:40  Probe x2  
  46  4:41  Observer (Chrono Boost)  
  46  4:42  Adept  
  51  4:51  Adept  
  53  4:52  Probe x2  
  46  5:04  Probe x2  
  45  5:12  Adept  
  45  5:13  Adept  
  46  5:14  Observer (Chrono Boost)  
  46  5:17  Probe x2 (Chrono Boost)  
  47  5:28  Probe x2 (Chrono Boost), Gateway  
  47  5:31  Forge  
  47  5:35  Stalker  
  47  5:36  Sentry  
Tags
 
Add a new tag
Caveats
  • Supply blocks, unpowered buildings, or Contaminate may cause inaccurate times.
  • Supply counts are checked every 10 seconds.